 Dungeon Crawl Stone Soup version 0.22-a0-373-gab1296c (webtiles) character file.

29110 dstrtnsr the Grappler (level 13, -11/116 HPs)
             Began as a Hill Orc Conjurer on Apr 25, 2018.
             Was the Champion of Cheibriados.
             Mangled by a sun demon (15 damage)
             ... summoned by an orc high priest
             ... on level 1 of the Orcish Mines.
             The game lasted 01:22:51 (10466 turns).

dstrtnsr the Grappler (Hill Orc Conjurer)          Turns: 10466, Time: 01:22:52

Health: -11/116    AC:  7    Str: 30    XL:     13   Next: 43%
Magic:  0/18       EV: 19    Int: 34    God:    Cheibriados [******]
Gold:   631        SH: 13    Dex: 26    Spells: 3/18 levels left

rFire    . . .     SeeInvis .     - Unarmed
rCold    . . .     Gourm    .   F - +0 shield
rNeg     + . .     Faith    .   K - +2 leather armour of Daffodils {MR++}
rPois    +         Spirit   +   (no helmet)
rElec    .         Reflect  .   I - scarf {Spirit}
rCorr    .         Harm     .   M - +0 pair of gloves
MR       +++..                  z - +0 pair of boots
Stlth    ++........             a - amulet "Woineuq" {Spirit rN+ MR+ Str+3}
HPRegen  0.29/turn              p - ring of poison resistance
MPRegen  0.16/turn              e - ring of wizardry

@: very slow
A: no striking features
a: Bend Time, Temporal Distortion, Slouch, Step From Time, Renounce Religion,
Convert to Beogh


You were on level 1 of the Orcish Mines.
You worshipped Cheibriados.
Cheibriados was exalted by your worship.
You were hungry.

You visited 4 branches of the dungeon, and saw 21 of its levels.

You collected 1381 gold pieces.
You spent 750 gold pieces at shops.

Inventory:

Missiles
 s - 2 stones (quivered)
 u - a throwing net {!f}
Armour
 d - a +4 ring mail
 o - a +2 robe of cold resistance
 z - a +0 pair of boots (worn)
 D - a +0 troll leather armour
 F - a +0 shield (worn)
 I - a scarf of spirit shield (worn)
 K - the +2 leather armour of Daffodils (worn) {MR++}
   (You found it on level 5 of the Lair of Beasts)

   It affects your resistance to hostile enchantments.
 M - a +0 pair of gloves (worn)
Magical Staves
 x - an uncursed staff of conjuration {!a}
Jewellery
 a - the amulet "Woineuq" (around neck) {Spirit rN+ MR+ Str+3}
   (You found it on level 4 of the Lair of Beasts)

   [amulet of guardian spirit]

   It causes incoming damage to be split between your health and magic.
   It affects your strength (+3).
   It protects you from negative energy.
   It affects your resistance to hostile enchantments.
 e - a ring of wizardry (right hand)
 i - an uncursed ring of see invisible
 p - a ring of poison resistance (left hand)
 C - an uncursed ring of resist corrosion
 H - a +4 amulet of reflection
Wands
 V - a wand of digging (22)
Scrolls
 f - a scroll of fog
 h - 2 scrolls of teleportation {!d}
 j - a scroll of summoning {!r}
 k - a scroll of blinking
 l - 4 scrolls of remove curse {@r2}
 q - a scroll of fear
 t - 2 scrolls of immolation {!r}
 A - a scroll of torment {!r}
 B - a scroll of magic mapping
 G - a scroll of holy word
 L - 4 scrolls of identify {@r1}
 N - a scroll of amnesia {unknown}
Potions
 b - 2 potions of flight
 g - 2 potions of mutation {!q}
 m - 4 potions of curing {@q1}
 r - a potion of cancellation {!q}
 v - 4 potions of brilliance
 w - a potion of heal wounds
 E - a potion of ambrosia {!q}
Miscellaneous
 y - a sack of spiders
Comestibles
 c - 25 rations {!d}


   Skills:
 - Level 11.1 Fighting
 - Level 8.9 Dodging
 - Level 1.5 Stealth
 - Level 6.9 Shields
 - Level 13.1 Unarmed Combat
 - Level 3.0 Spellcasting
 - Level 4.0 Conjurations
 - Level 1.0 Charms
 - Level 5.0 Summonings
 * Level 3.0 Necromancy
 - Level 4.0 Ice Magic
 - Level 7.1 Invocations
 - Level 4.3 Evocations


You had 3 spell levels left.
You knew the following spells:

 Your Spells              Type           Power        Failure   Level  Hunger
a - Magic Dart            Conj           ####         1%          1    None
i - Summon Ice Beast      Ice/Summ       #####...     11%         4    ####...
n - Animate Dead          Necr           N/A          21%         4    ####...
r - Regeneration          Chrm/Necr      ###.......   9%          3    ##.....
s - Animate Skeleton      Necr           N/A          1%          1    None
R - Searing Ray           Conj           ####..       1%          2    None


Dungeon Overview and Level Annotations

Branches:
Dungeon (12/15)            Temple (1/1) D:4            Lair (6/6) D:11
 Shoals (0/4) Lair:4        Snake (0/4) Lair:4          Orc (2/2) D:9
  Slime: Lair:5-6       Elf: Orc:2

Altars:
Ashenzari
Cheibriados
Dithmenos
Elyvilon
Fedhas
Gozag
Hepliaklqana
Kikubaaqudgha
Makhleb
Nemelex Xobeh
Okawaru
Qazlal
Ru
Sif Muna
Trog
Uskayaw
Vehumet
Wu Jian
Xom
Yredelemnul
Zin
The Shining One

Shops:
D:5 =:(=

Annotations:
D:2 Sigmund
D:3 Jessica


Message History

The orc priest shouts!
You hear a shout!
The orc priest shouts, "Join the one true god or die!"
An orc comes into view. It is wielding a trident.
Unknown command.
You pummel the orc!!
You kill the orc!
Cheibriados thoroughly appreciates the change of pace.
The orc throws a tomahawk.
The tomahawk barely misses you.
An orc comes into view. It is wielding a dagger.
Unknown command.
You barely miss the orc priest. You block the orc priest's attack.
The ice devil hits you but does no damage.
Unknown command.
You barely miss the orc priest. The orc priest completely misses you.
The ice devil hits you but does no damage.
You block the orc's attack.
An orc high priest comes into view. It is wielding a battleaxe.
Evoke which item? (* to show all) (? for menu, Esc to quit)
Okay, then.
Unknown command.
Okay, then.
Unknown command.
You warp the flow of time around you!
You feel somewhat more hungry.
An orc and an orc priest come into view.
Unknown command.
The orc priest shouts!
You punch the orc high priest!
The orc high priest shouts, "Surrender to Beogh and we'll let you live!"
The orc high priest is moderately wounded.
The orc priest shouts, "Surrender to Beogh and we'll let you live!"
You hear a shout!
The orc completely misses you. The orc priest closely misses you.
The orc priest completely misses you.
The orc priest miscasts a cantrip.
The orc high priest shouts, "Surrender to Beogh and we'll let you live!"
The orc priest shouts, "Surrender to Beogh and we'll let you live!"
An orc priest comes into view. It is wielding a short sword.
You closely miss the orc high priest.
The orc high priest shouts, "Join the one true god or die!"
The orc high priest is moderately wounded.
The orc hits you with a flail.
The orc moves out of view.
You block the orc high priest's attack.
The orc priest invokes the aid of Beogh against you.
Beogh smites you! You block the orc priest's attack.
The orc priest moves out of view.
Huge Dmg: -16%(-19hp) hp: 63%(72hp)
The orc priest shouts, "Join the one true god or die!"
You hit the orc high priest.
The orc high priest is moderately wounded.
The orc high priest shouts, "Join the one true god or die!"
The orc priest casts a cantrip, but nothing happens.
The orc completely misses you. You block the orc priest's attack.
You block the orc high priest's attack.
The orc priest hits you but does no damage.
An orc comes into view. It is wielding a dagger.
The orc high priest threatens, "By the altar or by the axe, you will meet Beogh!"
You punch the orc high priest!
The orc high priest is heavily wounded.
The orc priest threatens, "By the altar or by the axe, you will meet Beogh!"
You block the sun demon's attack.
The orc priest moves out of view.
You block the orc priest's attack. You block the orc's attack.
The orc high priest shouts, "Surrender to Beogh and we'll let you live!"
Unknown command.
The orc priest shouts, "Beogh is our master!
Accept the truth or die!"
You punch the orc high priest!
The orc high priest is severely wounded.
You block the sun demon's attack. You block the orc high priest's attack.
You block the orc priest's attack. The orc misses you.
The orc priest shouts, "Beogh is our master!
Accept the truth or die!"
The orc priest completely misses you.
The orc priest threatens, "By the altar or by the axe, you will meet Beogh!"
The orc high priest shouts, "Join the one true god or die!"
Unknown command.
The orc priest shouts, "Beogh is our master!
Accept the truth or die!"
You pummel the orc high priest!!
The orc high priest is almost dead.
The sun demon hits you!
You are engulfed in flames!
* * * LOW HITPOINT WARNING * * *
You block the orc's attack.
The orc priest hits you but does no damage.
You block the orc high priest's attack.
Huge Dmg: -16%(-19hp) hp: 47%(54hp)
You hit the orc high priest but do no damage.
The orc high priest is almost dead.
The sun demon hits you!!
* * * LOW HITPOINT WARNING * * *
You are engulfed in flames!
* * * LOW HITPOINT WARNING * * *
The orc barely misses you. You block the orc priest's attack.
You block the orc's attack. The orc priest closely misses you.
You hear a shout!
Huge Dmg: -24%(-28hp) hp: 23%(26hp)
You closely miss the orc high priest.
The orc high priest is almost dead.
The orc priest shouts, "Join the one true god or die!"
You hear a shout!
The sun demon hits you!!
* * * LOW HITPOINT WARNING * * *
You are engulfed in flames!
You die...

##.##.....#.##
##.#.....#.....
#......#####
##############
##.#.....#.##
##...........# .
##.#.........## h#
#............## ..
#####.$....(.....# .. .
#..#......).)..8o# .#oo#
....#....)....4o@#.....#
#.......)......3oooo...#
.#..............oo..#..#
.................'.....#
.................#.....#
...............8.#..#..#
.................#......
..............[..#......
.................# .8..


You could see an orc high priest, a sun demon, an ice devil, 3 orc priests and 4
orcs.

Vanquished Creatures
  5 hydras
  2 two-headed ogres
  An orc knight (Orc:1)
  An orc sorcerer (Orc:1)
  3 elephants
  3 black mambas
  Psyche (D:10)
  8 spiny frogs
  6 komodo dragons
  2 trolls
  Prince Ribbit (D:7)
  8 hippogriffs
  2 blink frogs (Lair:6)
  A spriggan (D:7)
  17 yaks
  2 hungry ghosts
  2 basilisks (Lair:2)
  Grum (D:9)
  3 wargs (Orc:1)
  2 nagas (Lair:4)
  7 porcupines
  Duvessa (D:6)
  17 water moccasins
  10 orc warriors
  A necrophage (D:10)
  A black bear (D:8)
  4 ice beasts
  7 ogres
  2 sky beasts
  13 wolves
  9 centaurs
  6 crocodiles
  4 big kobolds
  9 bullfrogs
  A gnoll sergeant (D:7)
  Dowan (D:6)
  A water moccasin skeleton (D:8)
  3 scorpions
  A howler monkey (D:9)
  4 crimson imps
  2 jellies
  13 orc priests
  17 orc wizards
  4 bullfrog skeletons
  A centaur skeleton (D:4)
  A gnoll shaman (D:6)
  6 hounds
  3 iguanas
  4 worker ants
  A killer bee zombie (D:5)
  A hound skeleton (D:6)
  12 gnolls
  11 adders
  A shadow imp (D:6)
  2 adder zombies
  2 oozes
  4 adder skeletons
  A worm (D:3)
  5 dart slugs
  6 leopard geckos
  79 orcs
  5 giant cockroaches
  7 goblins
  4 hobgoblins
  19 jackals
  3 quokkas
  A ball python (D:6)
  4 bats
  3 frilled lizards
  16 kobolds
  A leopard gecko skeleton (D:5)
  2 quokka skeletons
  5 rats
419 creatures vanquished.

Vanquished Creatures (collateral kills)
  A two-headed ogre (Orc:1)
  2 elephants (Lair:2)
  A spiny frog (Lair:6)
  A blink frog (Lair:6)
  3 yaks (Lair:6)
  2 orc warriors (Orc:1)
  An ogre (Orc:1)
  2 orc wizards (Orc:1)
  2 orc priests (Orc:1)
  A gnoll (Orc:1)
  7 orcs (Orc:1)
23 creatures vanquished.

Vanquished Creatures (others)
  A centaur (Lair:4)
  An orc wizard (D:9)
  3 fungi
  A plant (Lair:4)
6 creatures vanquished.

Grand Total: 448 creatures vanquished

Notes
Turn   | Place    | Note
-------+----------+-------------------------------------------
     0 | D:1      | dstrtnsr the Hill Orc Conjurer began the quest for the Orb.
     0 | D:1      | Reached XP level 1. HP: 14/14 MP: 3/3
   243 | D:1      | Reached skill level 1 in Fighting
   243 | D:1      | Reached XP level 2. HP: 23/23 MP: 1/4
   247 | D:1      | Learned a level 2 spell: Searing Ray
   493 | D:1      | Reached XP level 3. HP: 26/30 MP: 0/6
   955 | D:2      | Reached XP level 4. HP: 40/40 MP: 2/7
   965 | D:2      | Noticed Sigmund
  1127 | D:2      | Reached skill level 1 in Unarmed Combat
  1478 | D:3      | Noticed an ogre
  1507 | D:3      | Noticed Jessica
  1526 | D:3      | HP: 15/40 [ogre/giant spiked club (25)]
  1648 | D:4      | Reached skill level 2 in Unarmed Combat
  1651 | D:4      | Reached XP level 5. HP: 20/46 MP: 1/8
  1910 | D:4      | Reached skill level 3 in Unarmed Combat
  1971 | D:4      | Reached XP level 6. HP: 46/53 MP: 4/9
  2047 | D:5      | Entered Level 5 of the Dungeon
  2090 | D:5      | Reached skill level 4 in Unarmed Combat
  2114 | D:5      | Found Zext's Jewellery Emporium.
  2115 | D:5      | Found a shadowy altar of Dithmenos.
  2127 | D:5      | Reached skill level 5 in Fighting
  2149 | D:5      | Bought an uncursed ring of see invisible for 150 gold pieces
  2233 | D:6      | Reached skill level 5 in Unarmed Combat
  2233 | D:6      | Reached XP level 7. HP: 26/61 MP: 1/10
  2299 | D:5      | Found Jinit's Jewellery Emporium.
  2305 | D:5      | Found Ymeydiewk's Weapon Emporium.
  2313 | D:5      | HP: 24/61 [ice beast (7)]
  2359 | D:5      | Found Idehes's Book Shop.
  2532 | D:6      | Reached skill level 6 in Unarmed Combat
  2631 | D:6      | Noticed Dowan
  2633 | D:6      | Noticed Duvessa
  2639 | D:6      | Killed Dowan
  2756 | D:6      | Reached skill level 7 in Unarmed Combat
  2756 | D:6      | Reached XP level 8. HP: 68/71 MP: 5/11
  3022 | D:5      | HP: 20/73 [centaur/arrow (10)]
  3049 | D:5      | HP: 24/73 [bullfrog skeleton (2)]
  3051 | D:5      | Reached skill level 8 in Unarmed Combat
  3357 | D:5      | HP: 20/73 [ogre/giant spiked club (11)]
  3385 | D:5      | Found a blossoming altar of Fedhas.
  3455 | D:6      | Killed Duvessa
  3589 | D:7      | Reached skill level 9 in Unarmed Combat
  3619 | D:7      | Noticed a spriggan baker
  3634 | D:7      | Killed a spriggan baker
  3634 | D:7      | Reached XP level 9. HP: 64/81 MP: 12/12
  4019 | D:7      | Noticed Prince Ribbit
  4024 | D:7      | Killed Prince Ribbit
  4024 | D:7      | Reached skill level 1 in Evocations
  4170 | D:8      | Found an ancient bone altar of Kikubaaqudgha.
  4300 | D:8      | Noticed a two-headed ogre
  4304 | D:8      | Killed a two-headed ogre
  4304 | D:8      | Reached skill level 1 in Shields
  4304 | D:8      | Reached skill level 10 in Unarmed Combat
  4711 | D:4      | Reached XP level 10. HP: 61/90 MP: 13/13
  4829 | D:4      | Found a faded altar of an unknown god.
  4831 | D:4      | Found a staircase to the Ecumenical Temple.
  4838 | Temple   | Entered the Ecumenical Temple
  4868 | Temple   | Became a worshipper of Cheibriados the Contemplative
  5174 | D:9      | Reached * piety under Cheibriados
  5197 | D:9      | Found a blossoming altar of Fedhas.
  5197 | D:9      | Noticed Grum
  5198 | D:9      | Noticed a two-headed ogre
  5208 | D:9      | Killed a two-headed ogre
  5208 | D:9      | Reached skill level 11 in Unarmed Combat
  5219 | D:9      | Killed Grum
  5240 | D:9      | HP: 32/92 [wolf[Grum] (7)]
  5245 | D:9      | HP: 27/92 [water moccasin (4)]
  5250 | D:9      | HP: 28/92 [poisoned by a water moccasin]
  5255 | D:9      | HP: 24/93 [poisoned by a water moccasin]
  5260 | D:9      | HP: 23/93 [poisoned by a water moccasin]
  5265 | D:9      | HP: 22/93 [poisoned by a water moccasin]
  5270 | D:9      | HP: 22/93 [poisoned by a water moccasin]
  5278 | D:9      | HP: 23/93 [poisoned by a water moccasin]
  5287 | D:9      | HP: 24/93 [poisoned by a water moccasin]
  5409 | D:9      | Reached skill level 10 in Fighting
  5437 | D:9      | Paralysed by an orc warrior for 4 turns
  5441 | D:9      | HP: 32/93 [orc warrior/war axe (17)]
  5598 | D:5      | Bought an uncursed ring of poison resistance for 300 gold pieces
  5679 | D:9      | Reached skill level 5 in Shields
  5772 | D:9      | Reached ** piety under Cheibriados
  5787 | D:9      | Found a staircase to the Orcish Mines.
  5836 | D:9      | Reached XP level 11. HP: 89/100 MP: 14/14
  5873 | D:9      | Reached skill level 12 in Unarmed Combat
  5915 | D:10     | Entered Level 10 of the Dungeon
  6173 | D:12     | Noticed a two-headed ogre
  6270 | D:10     | Reached *** piety under Cheibriados
  6291 | D:10     | Noticed a six-headed hydra
  6302 | D:10     | Killed a six-headed hydra
  6302 | D:10     | Reached skill level 1 in Invocations
  6426 | D:10     | Noticed Psyche
  6435 | D:10     | Killed Psyche
  6626 | D:10     | Reached **** piety under Cheibriados
  6932 | D:11     | Found a staircase to the Lair.
  7012 | Lair:1   | Entered Level 1 of the Lair of Beasts
  7030 | Lair:1   | HP: 32/101 [spiny frog (12)]
  7031 | Lair:1   | HP: 15/101 [spiny frog (17)]
  7079 | Lair:1   | HP: 29/101 [hippogriff (3)]
  7159 | Lair:1   | Noticed a seven-headed hydra
  7166 | Lair:1   | HP: 37/101 [seven-headed hydra (7)]
  7167 | Lair:1   | Killed a seven-headed hydra
  7167 | Lair:1   | Reached skill level 13 in Unarmed Combat
  7321 | Lair:1   | Found a labyrinth entrance.
  7591 | Lair:2   | Reached ***** piety under Cheibriados
  7591 | Lair:2   | Reached skill level 5 in Dodging
  7591 | Lair:2   | Reached skill level 5 in Invocations
  7604 | Lair:2   | Reached XP level 12. HP: 81/110 MP: 6/15
  7818 | Lair:3   | Learned a level 4 spell: Summon Ice Beast
  8060 | Lair:2   | HP: 43/110 [porcupine's spines (11)]
  8360 | Lair:3   | Found an opulent altar of Gozag.
  8515 | Lair:4   | Noticed a seven-headed hydra
  8593 | Lair:4   | Found a staircase to the Shoals.
  8677 | Lair:4   | Killed a seven-headed hydra
  8693 | Lair:4   | Got a scorched lead amulet
  8707 | Lair:4   | Found a staircase to the Snake Pit.
  8775 | Lair:5   | Reached skill level 1 in Summonings
  8782 | Lair:5   | Reached skill level 1 in Ice Magic
  8791 | Lair:5   | Noticed a seven-headed hydra
  8799 | Lair:5   | Killed a seven-headed hydra
  8816 | Lair:5   | Got a crude leather armour
  8832 | Lair:5   | Identified the +2 leather armour of Daffodils {MR++} (You found it on level 5 of the Lair of Beasts)
  8843 | Lair:5   | Identified the amulet "Woineuq" {Spirit rN+ MR+ Str+3} (You found it on level 4 of the Lair of Beasts)
  9175 | Lair:6   | Entered Level 6 of the Lair of Beasts
  9185 | Lair:6   | Reached XP level 13. HP: 109/116 MP: 12/17
  9317 | Lair:6   | Reached ****** piety under Cheibriados
  9745 | D:5      | Bought a book of Necromancy for 300 gold pieces
  9749 | D:5      | Learned a level 3 spell: Regeneration
  9754 | D:5      | Learned a level 4 spell: Animate Dead
  9756 | D:5      | Learned a level 1 spell: Animate Skeleton
  9846 | Orc:1    | Entered Level 1 of the Orcish Mines
  9967 | Orc:2    | Entered Level 2 of the Orcish Mines
 10167 | Orc:1    | Reached skill level 1 in Necromancy
 10188 | Orc:1    | HP: 41/116 [orc warrior/trident[an orc knight] (18)]
 10203 | Orc:1    | HP: 45/116 [orc knight/war axe of freezing (4)]
 10211 | Orc:1    | Reached skill level 1 in Charms
 10249 | Orc:1    | Reached skill level 5 in Summonings
 10465 | Orc:1    | HP: 36/116 [sun demon[an orc high priest] (18)]
 10466 | Orc:1    | HP: 4/116 [sun demon[an orc high priest] (22)]
 10466 | Orc:1    | Mangled by a sun demon

Vault maps used:
D:1:      dpeg_cavernosity
D:2:      corexii_leaking_fountain, interstate_on_off, uniq_sigmund
D:3:      minmay_goblin_kobold_castle, uniq_crazy_yiuf_cottage, uniq_jessica
D:4:      nicolae_temple_entry_ecumenical, first_ration, minmay_misc_feat_tower
D:5:      basic_altar, serial_shops, shop, shop_fountains,
          kennysheep_little_box, nicolae_shop_window_shopping,
          nicolae_shop_stone, fedhas_altar_fruit_tree, uniq_blork_the_orc
D:6:      cheibrodos_helix_gallery, minmay_item_behind_shaft, uniq_duvessa
D:7:      the_bakery, hangedman_decor_growths, uniq_prince_ribbit1
D:8:      nicolae_overflow_hidden_temple
D:9:      cheibrodos_fzero, erik_orc_3, basic_altar, uniq_grum
D:10:     special_room, uniq_psyche
D:11:     minmay_tearing_corner, lair_entry_dummy
D:12:     basic_altar
Temple:   nicolae_temple_the_god_donut
Lair:1:   lab_entry_generic, serial_bayou_shore_a
Lair:3:   basic_altar, st_stairs_9
Lair:4:   minmay_shoals_entry_centaurs, minmay_snake_entry_guardpost_small,
          lemuel_fruit_fields
Lair:5:   serial_bayou_shore_b, grunt_megastairs_3
Lair:6:   evilmike_catoblepas_cave, slime_altar_1, serial_bayou_shore_b
Orc:1:    minmay_orc_temple_c
Orc:2:    grunt_orc_cross

Skill      XL: |  1  2  3  4  5  6  7  8  9 10 11 12 13 |
---------------+----------------------------------------+-----
Fighting       | 1 2 3 4 5 6 8 10 11 | 11.1
Spellcasting   | 2 3 |  3.0
Unarmed Combat | 2 3 5 7 9 10 11 13 | 13.1
Dodging        | 2 4 5 8 |  8.9
Evocations     | 3 4 |  4.3
Shields        | 2 5 6 |  6.9
Invocations    | 5 6 7 |  7.1
Summonings     | 3 5 |  5.0
Ice Magic      | 3 4 |  4.0
Necromancy     | 3 |  3.0
Charms         | 1 |  1.0
Stealth        | |  1.5
Conjurations   | |  4.0

Action                   |  1- 3 |  4- 6 |  7- 9 | 10-12 | 13-15 || total
-------------------------+-------+-------+-------+-------+-------++-------
Melee: Unarmed           |    76 |       |   282 |   801 |   239 ||  1398
       Dagger            |    39 |    31 |       |       |       ||    70
       Whip              |       |    34 |       |       |       ||    34
       Long sword        |       |    24 |    16 |       |       ||    40
       Punch             |       |     3 |     3 |       |       ||     6
Throw: Stone             |       |       |       |    19 |       ||    19
       Javelin           |       |       |       |     2 |       ||     2
 Cast: Magic Dart        |    41 |    35 |    11 |     1 |       ||    88
       Searing Ray       |     4 |    14 |    27 |     9 |       ||    54
       Summon Ice Beast  |       |       |       |     1 |    16 ||    17
       Regeneration      |       |       |       |       |     4 ||     4
       Animate Dead      |       |       |       |       |     3 ||     3
       Animate Skeleton  |       |       |       |       |     1 ||     1
Invok: Bend Time         |       |       |       |     2 |       ||     2
       Slouch            |       |       |       |     1 |       ||     1
       Temporal Distorti |       |       |       |       |     1 ||     1
Evoke: Wand              |       |     9 |    25 |     8 |     2 ||    44
       Box of beasts     |       |       |       |     2 |       ||     2
       Sack of spiders   |       |       |       |       |     2 ||     2
  Use: Scroll            |       |     8 |    11 |    11 |     1 ||    31
       Potion            |       |     1 |       |     6 |     2 ||     9
 Stab: Paralysed         |       |       |     3 |       |       ||     3
       Distracted        |       |       |       |     4 |       ||     4
       Sleeping          |       |       |       |     1 |     3 ||     4
       Invisible         |       |       |       |       |     1 ||     1
  Eat: Chunk             |     1 |     6 |    10 |    12 |     3 ||    32
       Ration            |       |       |       |     2 |     1 ||     3
Armor: Ring mail         |    99 |    68 |   134 |    90 |       ||   391
       Skin              |       |       |       |    24 |       ||    24
       Troll leather arm |       |       |       |    27 |     4 ||    31
       Leather armour    |       |       |       |       |    15 ||    15
Dodge: Dodged            |   107 |    78 |   130 |   261 |   106 ||   682
Block: Shield            |       |       |    49 |   518 |   125 ||   692
       Reflection        |       |       |       |    20 |       ||    20
       Rpst.: Long sword |       |    12 |     3 |       |       ||    15

Table legend:
 A = Spawn XP
 B = Non-spawn XP
 C = Spawn XP percentage of total XP
 D = Spawn monster count
 E = Non-spawn monster count
 F = Spawn count percentage of total count
 G = Total turns spent on level
                    A         B        C        D         E        F      G
               +---------+---------+-------+---------+---------+-------+---------
         Total |       0 |   41587 |   0.0 |       0 |     444 |   0.0 | 10466
               +---------+---------+-------+---------+---------+-------+---------
           D:1 |       0 |      68 |   0.0 |       0 |      26 |   0.0 |   778
           D:2 |       0 |      40 |   0.0 |       0 |      14 |   0.0 |   361
           D:3 |       0 |      28 |   0.0 |       0 |       9 |   0.0 |   455
           D:4 |       0 |     392 |   0.0 |       0 |      22 |   0.0 |   692
           D:5 |       0 |     805 |   0.0 |       0 |      26 |   0.0 |   929
           D:6 |       0 |    1034 |   0.0 |       0 |      24 |   0.0 |   703
           D:7 |       0 |     900 |   0.0 |       0 |      17 |   0.0 |   829
           D:8 |       0 |    1690 |   0.0 |       0 |      22 |   0.0 |   617
           D:9 |       0 |    5053 |   0.0 |       0 |      57 |   0.0 |   811
          D:10 |       0 |    2204 |   0.0 |       0 |      46 |   0.0 |   667
          D:11 |       0 |    1043 |   0.0 |       0 |      16 |   0.0 |   361
        Lair:1 |       0 |    3708 |   0.0 |       0 |      13 |   0.0 |   483
        Lair:2 |       0 |    4533 |   0.0 |       0 |      20 |   0.0 |   498
        Lair:3 |       0 |    2584 |   0.0 |       0 |      12 |   0.0 |   443
        Lair:4 |       0 |    4154 |   0.0 |       0 |      17 |   0.0 |   411
        Lair:5 |       0 |    3844 |   0.0 |       0 |      15 |   0.0 |   427
        Lair:6 |       0 |    4951 |   0.0 |       0 |      21 |   0.0 |   322
         Orc:1 |       0 |    4061 |   0.0 |       0 |      58 |   0.0 |   535
         Orc:2 |       0 |     495 |   0.0 |       0 |       9 |   0.0 |    85
               +---------+---------+-------+---------+---------+-------+---------
